 Dungeon Crawl Stone Soup version 0.28.0-53-g5a82cb258f (webtiles) character file.

Game seed: 5764535470794061493

8924 Gabide the Martial Artist (level 11, 0/63 HPs)
             Began as a Vine Stalker Monk on June 7, 2022.
             Was a Priest of Sif Muna.
             Slain by an orc knight
             ... wielding a +0 glaive
              (22 damage)
             ... on level 10 of the Dungeon.
             The game lasted 00:26:22 (10652 turns).

Gabide the Martial Artist (Vine Stalker Monk)      Turns: 10652, Time: 00:26:22

Health: 0/63       AC: 14    Str: 13    XL:     11   Next: 38%
Magic:  0/12       EV: 16    Int: 10    God:    Sif Muna [***...]
Gold:   124        SH:  5    Dex: 22    Spells: 10/10 levels left

rFire   . . .      SeeInvis .     - Unarmed
rCold   + + .      Faith    .   (no shield)
rNeg    + . .      Spirit   +   q - +5 ring mail "Rolirgh" {rC++}
rPois   .          Reflect  +   f - +0 helmet
rElec   .          Harm     .   g - +0 cloak
rCorr   .          Rampage  .   j - +0 pair of gloves
Will    +....                   b - +0 pair of boots
Stlth   ++........              w - amulet of reflection
HPRegen 1.00/turn               x - ring of flight
MPRegen 0.13/turn               C - ring of positive energy

@: about to teleport, flying, studying Necromancy
A: fangs 3, regeneration 1, magic shield, antimagic bite, no potion heal 2
a: Renounce Religion, Channel Magic, Forget Spell


You were on level 10 of the Dungeon.
You worshipped Sif Muna.
Sif Muna was most pleased with you.
You visited 3 branches of the dungeon, and saw 12 of its levels.

You collected 673 gold pieces.
You spent 549 gold pieces at shops.

Inventory:

Hand Weapons
 a - a +0 hunting sling
Missiles
 i - 42 poisoned darts (quivered)
 n - 42 sling bullets
 B - a curare-tipped dart
Armour
 b - a +0 pair of boots (worn)
 f - a +0 helmet (worn)
 g - a +0 cloak (worn)
 j - a +0 pair of gloves (worn)
 k - an orb of mayhem
 q - the +5 ring mail "Rolirgh" (worn) {rC++}
   (You bought it in a shop on level 1 of the Dungeon)

   rC:        It greatly protects you from cold.
Jewellery
 d - an amulet of faith
 w - an amulet of reflection (around neck)
 x - a ring of flight (left hand)
 z - a ring of fire
 C - a ring of positive energy (right hand)
Wands
 E - a wand of iceblast (4)
 F - a wand of digging (3)
 G - a wand of acid (3)
 H - a wand of mindburst (6)
Scrolls
 c - a scroll of immolation {unknown}
 e - 3 scrolls of amnesia
 l - 6 scrolls of fog
 m - 2 scrolls of vulnerability
 r - a scroll of teleportation
 t - a scroll of fear {unknown}
 v - a scroll of magic mapping {unknown}
 y - a scroll of noise {unknown}
Potions
 h - 3 potions of attraction
 o - 2 potions of lignification
 p - 3 potions of invisibility
 s - 6 potions of ambrosia
 u - 2 potions of curing
 A - a potion of flight
 D - a potion of brilliance {unknown}


   Skills:
 + Level 9.7 Fighting
 + Level 8.9 Dodging
 - Level 2.4 Stealth
 + Level 10.6 Unarmed Combat


You had 10 spell levels left.
You didn't know any spells.
Your spell library contained the following spells:

 Spells                   Type           Power      Damage    Failure   Level
 Ignite Poison            Fire/Tmut/Pois 0%         N/A       94%         3
 Mephitic Cloud           Conj/Pois/Air  0%         N/A       94%         3
 Ozocubu's Armour         Ice            0%         N/A       94%         3
 Stone Arrow              Conj/Erth      0%         3d7       94%         3
 Summon Guardian Golem    Hex/Summ       0%         N/A       94%         3
 Animate Armour           Summ/Erth      0%         N/A       100%        4
 Leda's Liquefaction      Hex/Erth       0%         N/A       100%        4
 Fireball                 Conj/Fire      0%         3d3       100%        5
 Freezing Cloud           Conj/Ice/Air   0%         6-21      100%        5
 Iskenderun's Battlesphe  Conj           0%         2d6       100%        5
 Lee's Rapid Deconstruct  Erth           0%         3d5*      100%        5
 Metabolic Englaciation   Hex/Ice        0%         N/A       100%        5
 Conjure Ball Lightning   Conj/Air       0%         3x3d6     100%        6
 Simulacrum               Ice/Necr       0%         N/A       100%        6
 Statue Form              Tmut/Erth      0%         N/A       100%        6
 Orb of Destruction       Conj           0%         9d5       100%        7
 Spellforged Servitor     Conj/Summ      0%         N/A       100%        7
 Lehudib's Crystal Spear  Conj/Erth      0%         10d2      100%        8


Dungeon Overview and Level Annotations

Branches:
Dungeon (10/15)            Temple (1/1) D:4             Orc (1/2) D:9
   Lair: D:8-11

Altars:
Ashenzari
Cheibriados
Elyvilon
Gozag
Hepliaklqana
Kikubaaqudgha
Makhleb
Nemelex Xobeh
Okawaru
Qazlal
Ru
Sif Muna
Trog
Uskayaw
Vehumet
Wu Jian
Xom
The Shining One
Lugonu

Shops:
D:1 [**!(   D:3 (   D:5 *?   D:10 *

Annotations:
D:3 Sigmund
D:5 2 transporters, Infinimo's ghost, novice OgGl


Innate Abilities, Weirdness & Mutations

You have razor-sharp teeth.
Your natural rate of healing is unusually fast.
When hurt, damage is shared between your health and your magic reserves.
Your bite disrupts and absorbs the magic of your enemies.
Potions cannot restore your health.


Message History

The orc knight hits you but does no damage.
You punch the orc knight!
You bite the orc knight, but do no damage.
The orc knight is moderately wounded.
The orc knight hits you with a +0 glaive!!
You hit the orc knight. Your bite misses the orc knight.
The orc knight is moderately wounded.
You hit the orc knight.
The orc knight is moderately wounded.
The orc knight hits you with a +0 glaive!
You are too injured to fight recklessly!
You are too injured to fight recklessly!
You are too injured to fight recklessly!
You are too injured to fight recklessly!
You are too injured to fight recklessly!
You are too injured to fight recklessly!
You are too injured to fight recklessly!
You are too injured to fight recklessly!
You are too injured to fight recklessly!
You are too injured to fight recklessly!
You are too injured to fight recklessly!
You are too injured to fight recklessly!
You are too injured to fight recklessly!
You are too injured to fight recklessly!
You are too injured to fight recklessly!
You are too injured to fight recklessly!
You are too injured to fight recklessly!
The orc knight hits you from afar with a +0 glaive!!
* * * LOW HITPOINT WARNING * * *
An orc warlord comes into view.
It is wielding a +0 great mace and wearing a +2 plate armour of fire resistance.
The orc knight roars a battlecry!
Aiming: Mindburst
Press: ? - help, Shift-Dir - straight line, f - orc knight
Aim: an orc knight, wielding a +0 glaive and wearing a +0 chain mail (moderately wounded, chance to affect: 47%)
The orc knight's mind is blasted!
The orc warlord shouts!
As you read the scroll of teleportation, it crumbles to dust.
You feel strangely unstable.
The orc knight hits you from afar with a +0 glaive!!
You die...

..# #.........# ..#
###...#####
..######......#
..............+
##.#..........#
#.#..........#
##.##.........#
.#.################
.#.######.......@.#
.#.........o.####.#
.#######.<.#.# #o#
#.# #o####.####.#
#.# ##..##......#
#.# ########### #.#
#.# ####


You could see an orc warlord (strong) and an orc knight.

Vanquished Creatures
  A centaur warrior (D:10)
  3 two-headed ogres
  A harpy (D:10)
  A komodo dragon (D:10)
  2 trolls (D:10)
  Prince Ribbit (D:5)
  3 slime creatures (D:9)
  6 yaks
  A steam dragon (D:7)
  Menkaure (D:4)
  An acid dragon (D:10)
  Edmund (D:5)
  A water moccasin (D:6)
  2 ice beasts
  2 black bears
  A necrophage (D:6)
  4 orc warriors
  An ogre (D:5)
  2 centaurs
  A phantom (D:5)
  3 kobold brigands
  Blork the orc (D:4)
  2 bullfrogs
  A scorpion (D:4)
  A wyvern zombie (D:7)
  4 killer bees (D:5)
  A water moccasin skeleton (D:6)
  9 wights
  A howler monkey (D:8)
  2 vampire bats (D:4)
  2 lava snakes (D:8)
  3 centaur zombies
  A bullfrog zombie (D:7)
  2 hounds
  3 orc priests
  A jelly (D:6)
  A bullfrog skeleton (D:5)
  2 centaur skeletons
  2 iguanas
  5 orc wizards
  A killer bee zombie (D:7)
  An ogre zombie (D:5)
  A hound zombie (D:5)
  A hound skeleton (D:5)
  Robin (D:2)
  2 howler monkey zombies
  4 gnolls
  11 adders
  An orc zombie (D:5)
  A white imp (D:4)
  4 worms
  4 dart slugs
  14 orcs
  15 ball pythons
  7 bats
  4 bat skeletons (D:4)
  2 bat zombies (D:4)
  11 endoplasms
  4 giant cockroaches
  15 goblins
  13 hobgoblins
  6 jackals
  16 kobolds
  5 quokkas
  5 frilled lizards
  4 rats
236 creatures vanquished.

Vanquished Creatures (others)
  A kobold (D:9)
  7 plants (D:5)
8 creatures vanquished.

Grand Total: 244 creatures vanquished

Notes
Turn   | Place    | Note
-------+----------+-------------------------------------------
     0 | D:1      | Gabide the Vine Stalker Monk began the quest for the Orb.
     0 | D:1      | Reached XP level 1. HP: 11/11 MP: 2/2
   168 | D:1      | Found a faded altar of an unknown god.
   432 | D:1      | Reached XP level 2. HP: 16/16 MP: 3/3
   447 | D:1      | Found Daocouf's Weapon Shoppe.
   459 | D:1      | Found Noydah's Distillery.
   483 | D:1      | Bought a +0 hunting sling for 16 gold pieces
   619 | D:1      | Bought a potion of curing for 39 gold pieces
   619 | D:1      | Bought a potion of might for 52 gold pieces
   820 | D:1      | Found Beot's Assorted Antiques.
  1012 | D:1      | Reached XP level 3. HP: 20/20 MP: 4/4
  1163 | D:1      | Found Wubbos's General Store.
  1173 | D:1      | Bought a scroll of identify for 24 gold pieces
  1180 | D:1      | Found Zugaokan's Antique Armour Boutique.
  1601 | D:2      | Gained mutation: Your natural rate of healing is unusually
                  | fast. [Vine Stalker growth]
  1601 | D:2      | Reached XP level 4. HP: 13/24 MP: 3/5
  1922 | D:2      | Noticed Robin
  1934 | D:2      | Killed Robin
  2150 | D:2      | Reached XP level 5. HP: 28/28 MP: 4/6
  2152 | D:2      | Reached skill level 4 in Unarmed Combat
  2915 | D:3      | Noticed Sigmund
  2933 | D:3      | Found a radiant altar of Vehumet.
  3126 | D:3      | Found a snail-covered altar of Cheibriados.
  3191 | D:3      | Found Ekoim's Antique Weapon Shoppe.
  3775 | D:4      | Found a staircase to the Ecumenical Temple.
  3784 | Temple   | Entered the Ecumenical Temple
  3981 | D:4      | Found an ancient bone altar of Kikubaaqudgha.
  3990 | D:4      | Reached XP level 6. HP: 28/33 MP: 5/7
  4170 | D:4      | Noticed Blork the orc
  4192 | D:4      | Killed Blork the orc
  4193 | D:4      | Reached skill level 5 in Unarmed Combat
  4193 | D:4      | Reached XP level 7. HP: 17/38 MP: 4/8
  4426 | D:1      | Bought a warped ring mail for 198 gold pieces
  4426 | D:1      | Identified the +5 ring mail "Rolirgh" {rC++} (You bought it
                  | in a shop on level 1 of the Dungeon)
  4996 | D:5      | Entered Level 5 of the Dungeon
  4996 | D:5      | Noticed Menkaure
  5011 | D:4      | HP: 1/38 [Menkaure (6)]
  5013 | D:4      | Killed Menkaure
  5117 | D:5      | Found a transporter.
  5175 | D:5      | Found Qurinarr's General Store.
  5180 | D:5      | Reached skill level 5 in Fighting
  5210 | D:5      | Gained mutation: You have razor-sharp teeth. [Vine Stalker
                  | growth]
  5210 | D:5      | Reached XP level 8. HP: 36/43 MP: 9/9
  5317 | D:5      | Found a transporter.
  5410 | D:5      | Noticed Edmund
  5434 | D:5      | Reached skill level 5 in Dodging
  5434 | D:5      | Reached skill level 6 in Unarmed Combat
  5521 | D:5      | Killed Edmund
  5588 | D:5      | Found Peilan's Magic Scroll Shoppe.
  5597 | D:5      | Bought a scroll of identify for 26 gold pieces
  5597 | D:5      | Bought a scroll of identify for 26 gold pieces
  5627 | D:5      | Found a white marble altar of Elyvilon.
  5779 | D:5      | Found a transporter.
  5782 | D:5      | Noticed Infinimo's ghost (novice OgGl)
  5785 | D:5      | Found a transporter.
  5895 | D:5      | Noticed Prince Ribbit
  5909 | D:5      | Killed Prince Ribbit
  6367 | D:6      | Noticed a two-headed ogre
  6414 | D:6      | Killed a two-headed ogre
  6415 | D:6      | Reached skill level 7 in Unarmed Combat
  6415 | D:6      | Reached XP level 9. HP: 32/49 MP: 3/10
  6754 | D:6      | Reached skill level 8 in Unarmed Combat
  7700 | D:7      | Found an ornate altar of the Wu Jian Council.
  7730 | D:7      | Reached XP level 10. HP: 56/56 MP: 11/11
  7800 | D:7      | Found a shimmering blue altar of Sif Muna.
  7808 | D:7      | Became a worshipper of Sif Muna the Loreminder
  7808 | D:7      | Reached * piety under Sif Muna
  7808 | D:7      | Reached ** piety under Sif Muna
  7950 | D:8      | Noticed a two-headed ogre
  7966 | D:8      | Killed a two-headed ogre
  7967 | D:8      | Reached skill level 9 in Unarmed Combat
  8290 | D:8      | Found a burning altar of Makhleb.
  9339 | D:9      | Reached *** piety under Sif Muna
  9402 | D:9      | Found a staircase to the Orcish Mines.
  9797 | D:10     | Entered Level 10 of the Dungeon
  9811 | D:10     | Found a broken altar of Ashenzari.
  9836 | D:9      | Reached skill level 10 in Unarmed Combat
  9852 | D:10     | Reached XP level 11. HP: 42/62 MP: 8/12
 10049 | D:10     | Found a glowing golden altar of the Shining One.
 10054 | D:10     | Found Laur's Gadget Gallery.
 10062 | D:10     | Bought a wand of acid (3) for 168 gold pieces
 10126 | D:10     | Noticed a centaur warrior
 10128 | D:10     | Noticed a harpy
 10141 | D:10     | Killed a harpy
 10150 | D:10     | Killed a centaur warrior
 10356 | D:10     | Noticed a two-headed ogre
 10363 | D:10     | Killed a two-headed ogre
 10364 | D:10     | Noticed an orc knight
 10614 | Orc:1    | Entered Level 1 of the Orcish Mines
 10640 | D:10     | Noticed an orc warlord
 10652 | D:10     | Slain by an orc knight

Illustrated notes

Levels and vault maps discovered:
D:1:      minmay_arrival_diagonal_passages, layout_basic, serial_shops,
          nicolae_lakefront_shop, shop_coins, shop, shop, shop_statue,
          hellmonk_ecumenical_altar_lost_god, interstate_on_off
D:2:      minmay_thinvault, layout_basic, uniq_robin
D:3:      layout_basic, cheibriados_altar_1, mainiacjoe_overflow_brackets,
          serial_shops, shop, uniq_sigmund
D:4:      layout_loops_ring, kennysheep_vampire_church,
          minmay_temple_entry_antechambers, serial_bayou_pond_a,
          uniq_blork_the_orc
D:5:      gammafunk_cloud_chamber, layout_cave_pods,
          nicolae_elyvilon_temple_path, serial_shops, nicolae_square_shop, shop,
          gammafunk_ghost_mausoleum, minmay_manual_moon, uniq_menkaure,
          uniq_edmund, uniq_prince_ribbit1
D:6:      layout_cave_pools, serial_rivers, chequers_serial_rivers_small_a,
          chequers_serial_rivers_marsh, chequers_serial_rivers_micro_e,
          chequers_serial_rivers_micro_c, kennysheep_generic_room_3
D:7:      layout_loops_ring, lemuel_doored_altar,
          nicolae_sif_muna_little_library
D:8:      layout_cave_pools, lemuel_crystal_altar, grunt_decor_junction
D:9:      gammafunk_indiana_jones, layout_stronghold, orc_0_dummy,
          kennysheep_generic_room_9
D:10:     minmay_chopped_fan, layout_basic, kennysheep_mini, minitemple,
          nicolae_shop_gadgets
Temple:   corrupted_temple
Orc:1:    layout_diamond_mine, basic_altar

Skill      XL: |  1  2  3  4  5  6  7  8  9 10 |
---------------+-------------------------------+-----
Fighting       | 3 4 5 6 7 9 |  9.7
Dodging        | 3 4 6 7 8 |  8.9
Unarmed Combat | 4 5 7 8 10 | 10.6
Stealth        | |  2.4

Action                   |  1- 3 |  4- 6 |  7- 9 | 10-12 || total
-------------------------+-------+-------+-------+-------++-------
Melee: Unarmed           |   102 |   195 |   317 |   328 ||   942
       Bite              |    19 |    59 |   126 |   136 ||   340
       Punch             |     1 |     4 |    20 |    40 ||    65
 Fire: Hunting sling     |    39 |    82 |       |    18 ||   139
Throw: Stone             |     5 |     2 |       |       ||     7
       Dart              |       |       |     9 |     5 ||    14
Evoke: Wand              |       |       |       |     1 ||     1
  Use: Scroll            |     1 |     1 |     6 |     6 ||    14
       Potion            |       |     1 |     6 |       ||     7
 Stab: Sleeping          |     4 |     6 |     5 |     2 ||    17
Armor: Robe              |    23 |     1 |       |       ||    24
       Ring mail         |       |    88 |   120 |   171 ||   379
Dodge: Dodged            |    77 |   148 |   230 |   269 ||   724
Block: Other             |       |       |    13 |    75 ||    88
       Reflection        |       |       |       |     4 ||     4
